AoeStats
← NotGG

Arena

510609442Analyzed
4v4 RM · 22h ago on Oct 1, 2026· 67m 4s· 8 players
Game mode
Random Map
Map size
Large (8 player)
Population
200
Speed
Normal
Resources
Standard
Victory
Conquest
Starting age
Dark Age
Ending age
Imperial Age
RankedLock teamsTeams togetherTeam positionsShared explorationLock speedFull tech treeHidden civsTurbo modeCheats
Victory
Defeat
🇺🇾 Gurjaras · Uruguay
1260
+13
🇺🇸 Magyars · United States
1192
+16
🇦🇷 Japanese · Argentina
1153
+17
🇺🇾 Saxons · Uruguay
1145
+17
🇲🇽 Ethiopians · Mexico
1202
-16
🇮🇳 Khmer · India
1202
-17
🇬🇧 Teutons · United Kingdom
1177
-16
🇩🇪 Tupi · Germany
1145
-14
Motku
5:03 Loom
11:52 Feudal Age
15:35 Castle Age
13:34 Double-Bit Axe
14:17 Horse Collar
15:02 Scale Barding Armor
17:04 Bow Saw
22:12 Bloodlines
27:40 Husbandry
29:31 Chain Barding Armor
31:30 Wheelbarrow
31:20 Devotion
38:45 Imperial Age
36:02 Town Watch
37:15 Masonry
37:31 Stone Mining
37:58 Gold Mining
38:09 Treadmill Crane
38:50 Ballistics
39:32 Gold Shaft Mining
38:46 Cavalier
40:03 Plate Barding Armor
43:14 Paladin
44:10 Heavy Plow
45:35 Chemistry
44:29 Fletching
45:18 Conscription
45:45 Bodkin Arrow
47:01 Hoardings
47:24 Corvinian Army
48:11 Pikeman
49:45 Light Cavalry
50:01 Halberdier
50:55 Murder Holes
51:02 Bracer
51:03 Scale Mail Armor
50:27 Hussar
53:12 Chain Mail Armor
56:03 Elite Magyar Huszar
57:01 Arson
63:26 Padded Archer Armor
63:36 Siege Engineers
65:50 Crop Rotation
65:32 Elite Skirmisher
66:18 Thumb Ring
67:26 Two-Man Saw
67:49 Leather Archer Armor
NotGG
10:19 Feudal Age
8:35 Loom
14:23 Castle Age
12:29 Double-Bit Axe
27:48 Forging
36:35 Wheelbarrow
35:45 Town Watch
38:01 Pikeman
42:04 Imperial Age
40:10 Scale Mail Armor
40:35 Gambesons
40:50 Squires
42:12 Chain Mail Armor
42:33 Iron Casting
42:10 Bow Saw
41:46 Horse Collar
42:34 Halberdier
44:26 Fletching
47:42 Bodkin Arrow
47:54 Arson
50:08 Blast Furnace
49:38 Plate Mail Armor
49:41 Conscription
50:18 Capped Ram
50:25 Capped Ram
54:04 Elite Samurai
57:32 Bracer
57:32 Padded Archer Armor
60:40 Leather Archer Armor
61:00 Thumb Ring
60:46 Elite Skirmisher
Dale Lui
10:46 Feudal Age
14:53 Castle Age
13:05 Double-Bit Axe
13:03 Horse Collar
13:59 Gold Mining
15:33 Wheelbarrow
16:07 Bow Saw
22:33 Heavy Plow
22:59 Loom
26:36 Imperial Age
25:06 Scale Mail Armor
25:16 Forging
25:58 Gold Shaft Mining
26:32 Chain Mail Armor
27:06 Hand Cart
26:55 Squires
27:57 Iron Casting
28:31 Two-Man Saw
27:02 Capped Ram
27:30 Elite Varangian Guard
30:04 Plate Mail Armor
35:55 Siege Ram
38:33 Pikeman
39:15 Halberdier
39:58 Halberdier
41:48 Conscription
48:05 Padded Archer Armor
47:56 Fletching
48:29 Ballistics
49:10 Chemistry
48:26 Elite Skirmisher
50:13 Leather Archer Armor
49:53 Bodkin Arrow
52:24 Bracer
52:55 Ring Archer Armor
55:50 Siege Engineers
57:46 Fortified Wall
EBERE
11:27 Feudal Age
15:07 Castle Age
13:16 Double-Bit Axe
14:18 Horse Collar
14:33 Gold Mining
14:42 Stone Mining
16:02 Loom
20:10 Fletching
25:13 Bodkin Arrow
25:30 Padded Archer Armor
26:47 Thumb Ring
29:40 Leather Archer Armor
30:32 Wheelbarrow
30:55 Forging
30:51 Scale Barding Armor
31:02 Bow Saw
30:42 Gold Mining
30:53 Heavy Plow
31:11 Town Watch
34:53 Imperial Age
34:25 Scale Barding Armor
34:47 Ballistics
35:45 Hand Cart
35:41 Bracer
36:31 Conscription
35:50 Elite Elephant Archer
37:52 Chemistry
39:13 Frontier Guards
40:40 Elite Skirmisher
61:06 Light Cavalry
63:25 Bloodlines
63:15 Husbandry
65:03 Hussar
SombreWeb
10:22 Feudal Age
13:58 Castle Age
12:26 Double-Bit Axe
12:37 Horse Collar
14:47 Heavy Plow
18:37 Wheelbarrow
18:34 Bow Saw
21:48 Loom
22:40 Scale Barding Armor
22:46 Forging
22:29 Gold Mining
23:29 Stone Mining
24:04 Chain Barding Armor
24:22 Hand Cart
24:11 Town Watch
25:39 Bloodlines
27:55 Iron Casting
30:56 Imperial Age
29:59 Pikeman
30:40 Squires
30:26 Arson
30:43 Scale Mail Armor
31:46 Chain Mail Armor
32:47 Two-Man Saw
32:18 Crop Rotation
32:52 Blast Furnace
31:15 Cavalier
31:37 Halberdier
33:15 Plate Mail Armor
35:19 Plate Barding Armor
35:28 Town Patrol
37:28 Stone Shaft Mining
37:14 Capped Ram
38:47 Masonry
38:33 Fletching
38:30 Gambesons
41:37 Paladin
43:22 Conscription
49:27 Crenellations
57:02 Caravan
62:12 Coinage
63:44 Banking
SemperBlender
12:06 Feudal Age
16:06 Castle Age
13:56 Horse Collar
14:09 Double-Bit Axe
14:35 Stone Mining
14:40 Gold Mining
17:07 Heavy Plow
17:20 Bow Saw
18:49 Fletching
19:11 Loom
20:02 Wheelbarrow
20:06 Bodkin Arrow
The Kraken
10:33 Feudal Age
12:23 Double-Bit Axe
14:39 Castle Age
12:42 Horse Collar
15:39 Bow Saw
25:22 Wheelbarrow
25:56 Loom
29:30 Imperial Age
27:00 Fletching
27:44 Bodkin Arrow
28:48 Gold Mining
28:37 Crossbowman
30:07 Gold Shaft Mining
29:59 Hand Cart
30:39 Ballistics
31:20 Chemistry
30:44 Bracer
31:30 Thumb Ring
31:44 Arbalester
32:25 Stone Mining
33:36 Two-Man Saw
33:00 Padded Archer Armor
33:15 Heavy Plow
33:45 Conscription
36:24 Leather Archer Armor
40:56 Stone Shaft Mining
42:56 Elite Skirmisher
46:16 Ring Archer Armor
47:07 Coinage
46:51 Guilds
51:10 Banking
53:08 Forging
52:59 Scale Mail Armor
55:15 Iron Casting
54:56 Chain Mail Armor
60:06 Blast Furnace
59:36 Plate Mail Armor
61:42 Squires
61:47 Halberdier
62:13 Arson
suny619
5:05 Loom
10:47 Feudal Age
11:57 Double-Bit Axe
12:48 Wheelbarrow
11:56 Horse Collar
12:50 Gold Mining
17:54 Castle Age
19:32 Gold Shaft Mining
19:07 Heavy Plow
20:28 Bloodlines
20:18 Husbandry
21:48 Town Watch
23:06 Scale Barding Armor
23:12 Forging
23:42 Hand Cart
27:46 Bow Saw
40:26 Imperial Age
38:36 Light Cavalry
39:55 Caravan
40:26 Coinage
41:26 Chain Barding Armor
41:41 Iron Casting
41:00 Cavalier
42:55 Plate Barding Armor
43:00 Banking
42:56 Fletching
44:00 Conscription
45:08 Blast Furnace
45:26 Bodkin Arrow
47:58 Pikeman
48:34 Halberdier
49:06 Crossbowman
50:16 Scale Mail Armor
50:45 Bracer
50:45 Padded Archer Armor
52:58 Chain Mail Armor
53:12 Ballistics
53:55 Murder Holes
55:01 Chemistry
54:11 Masonry
54:06 Siege Engineers
60:30 Architecture
Connection lost

Rejoining the realm…

Still unreachable

The connection could not be restored.

Session expired

The server has moved on; the page needs a fresh start.